 Dungeon Crawl Stone Soup version 0.29-a0-113-g078de9bc30 (webtiles) character file.

Game seed: 637928925387837547

396 Zeldest the Ruffian (level 6, 0/61 HPs)
             Began as a Troll Hedge Wizard on Feb 18, 2022.
             Killed from afar by a gargoyle (7 damage)
             ... with a stone arrow
             ... on level 6 of the Dungeon.
             The game lasted 00:05:31 (939 turns).

Zeldest the Ruffian (Troll Hedge Wizard)             Turns: 939, Time: 00:05:32

Health: 0/61       AC:  5    Str: 16 (19) XL:     6   Next: 52%
Magic:  9/9        EV:  9    Int:  9 (12) God:
Gold:   130        SH:  0    Dex:  6 (9)  Spells: 10/11 levels left

rFire   . . .      SeeInvis .     - Unarmed
rCold   . . .      Faith    .   (no shield)
rNeg    . . .      Spirit   .   b - +0 robe
rPois   .          Reflect  .   c - +0 hat
rElec   .          Harm     .   a - +0 cloak
rCorr   .          Rampage  .   (gloves unavailable)
Will    .....                   (boots unavailable)
Stlth   +.........              (no amulet)
HPRegen 1.00/turn               (no ring)
MPRegen 0.11/turn               (no ring)

@: hasted, very quick
A: large, unfitting armour, claws 3, regeneration 1, shaggy fur 1, tough skin 1
a: no special abilities


You were on level 6 of the Dungeon.
You visited 1 branch of the dungeon, and saw 6 of its levels.

You collected 130 gold pieces.

Inventory:

Armour
 a - a +0 cloak (worn)
 b - a +0 robe (worn)
 c - a +0 hat (worn)
Wands
 e - a wand of iceblast (6)
Scrolls
 d - a scroll of identify {unknown}
 f - a scroll of fog {unknown}
 h - 2 scrolls of enchant armour {unknown}
 j - a scroll of vulnerability {unknown}
 l - a scroll of magic mapping {unknown}
Potions
 g - 2 potions of cancellation
 k - a potion of degeneration


   Skills:
 + Level 3.0 Fighting
 - Level 1.5 Dodging
 - Level 1.0 Stealth
 + Level 3.6 Unarmed Combat
 + Level 3.1 Spellcasting
 - Level 0.6 Conjurations
 - Level 0.6 Summonings
 - Level 0.6 Translocations


You had 10 spell levels left.
You knew the following spells:

 Your Spells              Type           Power      Damage    Failure   Level
a - Magic Dart            Conj           8%         1d3       24%         1

Your spell library contained the following spells:

 Spells                   Type           Power      Damage    Failure   Level
 Apportation              Tloc           4%         N/A       24%         1
 Summon Small Mammal      Summ           8%         N/A       24%         1
 Animate Skeleton         Necr           2%         N/A       30%         1
 Slow                     Hex            4%         N/A       30%         1
 Blink                    Tloc           4%         N/A       34%         2
 Call Imp                 Summ           2%         N/A       34%         2
 Lesser Beckoning         Tloc           2%         N/A       56%         3
 Conjure Flame            Conj/Fire      1%         6-21      61%         3
 Summon Guardian Golem    Hex/Summ       1%         N/A       61%         3
 Mephitic Cloud           Conj/Pois/Air  1%         N/A       63%         3
 Manifold Assault         Tloc           2%         N/A       100%        5
 Orb of Destruction       Conj           1%         9d5       100%        7
 Spellforged Servitor     Conj/Summ      1%         N/A       100%        7


Dungeon Overview and Level Annotations

Branches:
Dungeon (6/15)
 Temple: D:4-7

Altars:


Innate Abilities, Weirdness & Mutations

You are too large for most types of armour.
You have claws for hands.
Your natural rate of healing is unusually fast.
You are covered in fur. (AC +1)
You have tough skin. (AC +1)


Message History

Found a stone staircase leading down.
Found 22 stones.
Found a book of Spatial Translocations and a book of Dangerous Friends.
Found a plate armour, 14 stones and 15 gold pieces.
You pick up a book of Spatial Translocations and begin reading...
You add the spells Lesser Beckoning and Manifold Assault to your library.
Found a glowing helmet.
You pick up a book of Dangerous Friends and begin reading...
You add the spells Summon Guardian Golem, Orb of Destruction and Spellforged Servitor to your library.
You now have 130 gold pieces (gained 15).
You see here a +0 plate armour.
You see here a +2 helmet.
You see here a +0 plate armour.
A scorpion and a gargoyle come into view.
There is a fountain of clear blue water here.
An iguana comes into view.
There is a fountain of clear blue water here.
Okay, then.
It was a potion of degeneration.
There was something very wrong with that liquid.
You feel weakened.
You feel dopey.
You feel clumsy. The gargoyle hits you with a +0 mace!!
It was a potion of haste.
You feel yourself speed up. The gargoyle closely misses you.
You scratch the gargoyle but do no damage.
You claw the gargoyle, but do no damage.
The gargoyle hurls a stone arrow at you.
The stone arrow hits you!!
* * * LOW HITPOINT WARNING * * *
You scratch the gargoyle but do no damage.
Okay, then.
You scratch the gargoyle.
The gargoyle is lightly damaged.
The gargoyle hits you with a +0 mace!
* * * LOW HITPOINT WARNING * * *
You scratch the gargoyle.
The gargoyle is moderately damaged.
The gargoyle hurls a stone arrow at you.
The stone arrow hits you!
You die...

.##......#
.........######## ###
#.........#......
.....###.###.###.....###
#....[.#....(#.###..#
#.####[#.....#.# ##.# #
#.........# ..#
##.####9#.....#.# #..
#.....@.#....(#... ..
#.###.#####.#####.# ..
#.....#..⌠9.# #.. ..
#..8..#.....# ..#
...888..⌠.⌠.⌠.# #..
#.#..8..#.....#.... #.
#.#.....#..⌠..#..#. #
###.#####.### #.# ...
... ..


You could see a gargoyle.

Vanquished Creatures
  An ice beast (D:5)
  A necrophage (D:3)
  A water moccasin skeleton (D:6)
  A bullfrog skeleton (D:5)
  A scorpion zombie (D:5)
  2 iguanas (D:5)
  A hound skeleton (D:4)
  An adder (D:3)
  An adder skeleton (D:4)
  2 worms
  2 orcs (D:5)
  3 ball pythons
  2 bats
  2 endoplasms (D:3)
  A giant cockroach (D:4)
  A hobgoblin (D:1)
  A quokka (D:4)
  A frilled lizard (D:1)
  23 rats
48 creatures vanquished.

Notes
Turn   | Place    | Note
-------+----------+-------------------------------------------
     0 | D:1      | Zeldest the Troll Hedge Wizard began the quest for the Orb.
     0 | D:1      | Reached XP level 1. HP: 16/16 MP: 2/2
   190 | D:3      | Reached XP level 2. HP: 7/26 MP: 4/4
   212 | D:3      | Reached skill level 1 in Unarmed Combat
   248 | D:3      | Noticed a necrophage
   269 | D:3      | Killed a necrophage
   270 | D:3      | Reached skill level 1 in Fighting
   270 | D:3      | Reached XP level 3. HP: 26/35 MP: 5/5
   270 | D:3      | Reached XP level 4. HP: 32/42 MP: 6/6
   488 | D:4      | Reached XP level 5. HP: 49/49 MP: 6/8
   539 | D:5      | Entered Level 5 of the Dungeon
   550 | D:5      | Noticed an ice beast
   570 | D:5      | Killed an ice beast
   696 | D:5      | Reached XP level 6. HP: 52/59 MP: 9/9
   922 | D:6      | Noticed a gargoyle
   939 | D:6      | Killed from afar by a gargoyle

Illustrated notes

Levels and vault maps discovered:
D:1:      dpeg_arrival_rhombus, layout_rooms
D:2:      layout_basic, nicolae_ecumenical_snake_handling, uniq_robin,
          uniq_natasha
D:3:      layout_basic, serial_glass, glass_columns_a, glass_columns_b
D:4:      layout_cave_pools, st_stairs_13, minmay_rat_hole
D:5:      layout_loops_ring, st_stairs_4, chequers_serial_rivers_marsh
D:6:      layout_loops_cross, temple_statues, minmay_chambers_of_fives,
          uniq_menkaure, uniq_prince_ribbit1

Skill      XL: |  1  2  3  4  5  6 |
---------------+-------------------+-----
Unarmed Combat | 2 3 |  3.6
Fighting       | 1 2 3 |  3.0
Spellcasting   | 3 |  3.1
Dodging        | |  1.5
Stealth        | |  1.0
Conjurations   | |  0.6
Summonings     | |  0.6
Translocations | |  0.6

Action                   |  1- 3 |  4- 6 || total
-------------------------+-------+-------++-------
Melee: Unarmed           |    47 |   136 ||   183
       Punch             |     1 |     6 ||     7
  Use: Potion            |       |     4 ||     4
 Stab: Sleeping          |     2 |       ||     2
Armor: Robe              |    11 |    40 ||    51
Dodge: Dodged            |    12 |    61 ||    73

Table legend: (Time is in decaauts)
 A = Elapsed time spent in this place.
 B = Non-inter-level travel time spent in this place.
 C = Inter-level travel time spent in this place.
 D = Time resting spent in this place.
 E = Time spent auto-exploring this place.
 F = Levels seen in this place.
 G = Mean time per level.
                   A        B        C        D        E       F      G
               +--------+--------+--------+--------+--------+-----+--------+
         Total |    934 |    934 |      0 |      0 |      0 |   6 |  155.7 |
       Dungeon |    934 |    934 |      0 |      0 |      0 |   6 |  155.7 |
               +--------+--------+--------+--------+--------+-----+--------+

Top non-repeatable levels by time:
     D:5: 321 daAuts
     D:3: 206 daAuts
     D:4: 204 daAuts
     D:1: 106 daAuts
     D:6: 77 daAuts
     D:2: 18 daAuts
